 Dungeon Crawl Stone Soup version 0.23-a0-650-ga4d50d4d25 (webtiles) character file.

117 Geomchi the Insei (level 4, -5/32 HPs)
             Began as a Demonspawn Transmuter on Jan 4, 2019.
             Killed by divine providence
             ... invoked by an orc priest
              (11 damage)
             ... on level 3 of the Dungeon.
             The game lasted 00:03:54 (3233 turns).

Geomchi the Insei (Demonspawn Transmuter)           Turns: 3233, Time: 00:03:55

Health: -5/32      AC:  3    Str: 12    XL:     4   Next: 71%
Magic:  4/7        EV: 12    Int: 18    God:
Gold:   73         SH:  0    Dex: 13    Spells: 3/7 levels left

rFire    . . .     SeeInvis .     - Unarmed
rCold    + . .     Gourm    .   (no shield)
rNeg     . . .     Faith    .   b - +0 robe
rPois    .         Spirit   .   (helmet restricted)
rElec    .         Reflect  .   (no cloak)
rCorr    .         Harm     .   (no gloves)
MR       .....                  (no boots)
Stlth    +.........             (no amulet)
HPRegen  0.10/turn              (no ring)
MPRegen  0.10/turn              (no ring)

@: very slightly contaminated
A: antennae 1, clever 1, cold resistance 1, powered by pain 1, shaggy fur 1,
spiny 1, strong 1, evolution 1
a: no special abilities


You were on level 3 of the Dungeon.
You were not hungry.

You visited 1 branch of the dungeon, and saw 3 of its levels.

You collected 73 gold pieces.

Inventory:

Missiles
 a - 33 arrows
Armour
 b - a +0 robe (worn)
Jewellery
 f - a cursed -2 ring of protection {unknown}
Scrolls
 c - 3 scrolls of blinking {unknown}
 g - 3 scrolls of identify {unknown}
 h - a scroll of amnesia {unknown}
 j - a scroll of fog {unknown}
 k - 2 scrolls of enchant armour {unknown}
 l - 3 scrolls of enchant weapon {unknown}
 m - 2 scrolls of magic mapping {unknown}
 s - a scroll of remove curse {unknown}
Potions
 e - 2 potions of magic {unknown}
 n - 2 potions of heal wounds {unknown}
 o - a potion of lignification {unknown}
 p - 2 potions of cancellation {unknown}
 q - a potion of brilliance {unknown}
 t - a potion of flight {unknown}
Comestibles
 d - 8 rations
 i - 5 chunks of flesh {@w0}


   Skills:
 + Level 1.4 Fighting
 - Level 1.7 Dodging
 + Level 4.2 Unarmed Combat
 - Level 2.0 Spellcasting
 + Level 3.0 Transmutations


You had 3 spell levels left.
You knew the following spells:

 Your Spells              Type           Power        Failure   Level  Hunger
a - Beastly Appendage     Tmut           ##....       5%          1    #......
b - Spider Form           Tmut/Pois      #.........   28%         3    ###....

Your spell library contained the following spells:

 Spells                   Type           Power        Failure   Level  Hunger
 Sticks to Snakes         Tmut           ##......     8%          2    ###....
 Ice Form                 Ice/Tmut       #.......     67%         4    #####..
 Blade Hands              Tmut           ##........   82%         5    ######.


Dungeon Overview and Level Annotations

Branches:
Dungeon (3/15)

Altars:
Kikubaaqudgha
Okawaru

Annotations:
D:2 Natasha
D:3 Jessica


Innate Abilities, Weirdness & Mutations

You have a pair of small antennae on your head.
You sometimes gain a little power by taking damage.
You are partially covered in sharp spines.
Your mind is acute. (Int +2)
Your flesh is cold resistant. (rC+)
You are covered in fur. (AC +1)
Your muscles are strong. (Str +2)
You evolve.


Message History

The orc priest hits you with a +0 hand axe.
The orc hits you with a +1 flail of protection.
* * * LOW HITPOINT WARNING * * *
You regained 2 hp, and now have 8/32 hp.
You miscast Spider Form.
You are very lightly contaminated with residual magic.
Wisps of poison gas drift from your hands.
The orc priest barely misses you.
You now have 4/7 mp.
You hit the orc priest.
The orc hits you with a +1 flail of protection!
* * * LOW HITPOINT WARNING * * *
The orc priest misses you.
You take 7 damage, and have 1/32 hp.
MASSIVE DAMAGE!!
You feel better.
Your talons disappear.
The orc misses you.
The orc priest calls down the wrath of Beogh upon you.
Beogh smites you!
You die...

## ## #.###.### #..
....# #.####''####
#.#....§...#
#.#..÷.....#
#.#..≈##≈..###
#.'..####..'.#
########@o..## #.÷'.#
........o#..≈##≈..#.#
########.#........#.##
#)#........#..#
..####''#####'####
#..# .............#
#..####.#####.....#
#..##.............#
#..##.#..###......#


You could see an orc priest and an orc.

Vanquished Creatures
  An orc wizard (D:3)
  4 adders
  An ooze (D:2)
  2 worms (D:2)
  2 leopard geckos
  An orc (D:3)
  2 bats
  2 giant cockroaches
  3 hobgoblins
  3 quokkas
  A ball python (D:1)
  6 frilled lizards
  6 goblins
  6 kobolds
  8 rats
48 creatures vanquished.

Notes
Turn   | Place    | Note
-------+----------+-------------------------------------------
     0 | D:1      | Geomchi the Demonspawn Transmuter began the quest for the
                  | Orb.
     0 | D:1      | Reached XP level 1. HP: 15/15 MP: 3/3
   327 | D:1      | Reached skill level 3 in Unarmed Combat
   364 | D:1      | Gained mutation: You are partially covered in sharp spines.
                  | [demonic ancestry]
   364 | D:1      | Reached XP level 2. HP: 21/21 MP: 3/5
  1236 | D:2      | Found an ancient bone altar of Kikubaaqudgha.
  1270 | D:2      | Gained mutation: You have a pair of small antennae on your
                  | head. [demonic ancestry]
  1270 | D:2      | Reached XP level 3. HP: 19/26 MP: 4/6
  1271 | D:2      | Gained mutation: You evolve. [potion of mutation]
  1271 | D:2      | Gained mutation: Your flesh is cold resistant. (rC+)
                  | [potion of mutation]
  1271 | D:2      | Gained mutation: You are covered in fur. (AC +1) [potion of
                  | mutation]
  1271 | D:2      | Gained mutation: Your mind is acute. (Int +2) [potion of
                  | mutation]
  1495 | D:2      | Gained mutation: Your muscles are strong. (Str +2)
                  | [evolution]
  1867 | D:2      | Noticed Natasha
  2499 | D:2      | Gained mutation: You sometimes gain a little power by
                  | taking damage. [demonic ancestry]
  2499 | D:2      | Reached XP level 4. HP: 16/32 MP: 7/7
  2738 | D:3      | Learned a level 3 spell: Spider Form
  2911 | D:3      | Found an iron altar of Okawaru.
  3016 | D:3      | Noticed Jessica
  3094 | D:3      | Reached skill level 4 in Unarmed Combat
  3232 | D:3      | HP: 1/32 [orc/+1 flail of protection (7)]
  3233 | D:3      | Killed from afar by an orc priest

Vault maps used:
D:1:      dpeg_arrival_shelter, minmay_misc_feat_rows, minmay_tripent
D:2:      lemuel_doored_altar, first_ration, uniq_natasha
D:3:      okawaru_gym_becter, nicolae_overflow_hidden_temple,
          kennysheep_generic_room_6, uniq_jessica

Skill      XL: |  1  2  3  4 |
---------------+-------------+-----
Transmutations | 2 3 |  3.0
Unarmed Combat | 3 4 |  4.2
Fighting       | |  1.4
Dodging        | |  1.7
Spellcasting   | |  2.0

Action                   |  1- 3 |  4- 6 || total
-------------------------+-------+-------++-------
Melee: Unarmed           |    85 |    52 ||   137
       Headbutt          |     3 |       ||     3
       Kick              |    13 |    14 ||    27
       Punch             |     1 |       ||     1
 Cast: Beastly Appendage |    24 |     5 ||    29
  Use: Potion            |     2 |     2 ||     4
 Stab: Sleeping          |     1 |       ||     1
  Eat: Chunk             |     5 |     3 ||     8
Armor: Robe              |    11 |     3 ||    14
Dodge: Dodged            |    38 |    31 ||    69

Table legend:
 A = Non-vault XP
 B = Vault XP
 C = Vault XP percentage of total XP
 D = Non-vault monster count
 E = Vault monster count
 F = Vault count percentage of total count
                 A         B        C        D         E       F
            +---------+---------+-------+---------+---------+-------
      Total |     162 |       6 |   3.6 |      44 |       4 |   8.3
            +---------+---------+-------+---------+---------+-------
        D:1 |      13 |       4 |  23.5 |      10 |       2 |  16.7
        D:2 |      82 |       0 |   0.0 |      22 |       0 |   0.0
        D:3 |      67 |       2 |   2.9 |      12 |       2 |  14.3
            +---------+---------+-------+---------+---------+-------
